 Dungeon Crawl Stone Soup version 0.19.1 (webtiles) character file.

5180 Dfrag the Thaumaturge (level 10, -6/75 HPs)
             Began as a Naga Conjurer on Nov 29, 2016.
             Was a Believer of Makhleb.
             Mangled by Snorg (15 damage)
             ... on level 10 of the Dungeon on Nov 30, 2016.
             The game lasted 00:15:12 (8124 turns).

Dfrag the Thaumaturge (Naga Conjurer)               Turns: 8124, Time: 00:15:13

Health: -6/75      AC:  9    Str: 12 (13) XL:     10   Next: 60%
Magic:  2/25       EV: 10    Int: 18      God:    Makhleb [**....]
Gold:   409        SH:  0    Dex: 11 (12) Spells: 4 memorised, 21 levels left

rFire  + . .     SeeInvis +     k - +1 hand axe (elec)
rCold  + . .     Gourm    .     P - +0 steam dragon scales
rNeg   . . .     Faith    .     (no shield)
rPois  +         Spirit   .     e - +0 helmet
rElec  .         Reflect  .     y - +0 cloak "Waboyr" {rF+ rC+ Str+2 SInv} (curse)
rCorr  .         Harm     .     F - +0 pair of gloves
MR     +....                    (no barding)
Stlth  ++........               z - amulet of rage
                                (no ring)
                                (no ring)

@: short of breath, very slightly contaminated, very slow
A: see invisible, deformed body, deterioration 1, poison resistance, shaggy fur
1, slowness 2, slow metabolism 1, spit poison 1, AC +3
a: Spit Poison, Minor Destruction, Renounce Religion, Evoke Berserk Rage


You were on level 10 of the Dungeon.
You worshipped Makhleb.
Makhleb was pleased with you.
You were hungry.

You visited 1 branch of the dungeon, and saw 10 of its levels.
You also visited: Sewer.

You collected 592 gold pieces.
You spent 183 gold pieces at shops.

Inventory:

Hand Weapons
 k - a +1 hand axe of electrocution (weapon)
 O - a +0 hand axe
Armour
 e - a +0 helmet (worn)
 y - the cursed +0 cloak "Waboyr" (worn) {rF+ rC+ Str+2 SInv}
   (You found it in a sewer)

   It affects your strength (+2).
   It protects you from fire.
   It protects you from cold.
   It lets you see invisible.
   It has a curse placed upon it.
 A - a +2 buckler
 F - a +0 pair of gloves (worn)
 P - +0 steam dragon scales (worn)
Magical Staves
 S - an uncursed staff of fire {unknown}
Jewellery
 z - an amulet of rage (around neck)
Wands
 r - a wand of flame (19/48)
 x - a wand of digging (13/24)
 H - a wand of polymorph (10/24)
 K - a wand of acid (4/15)
 N - a wand of teleportation (3/9)
Scrolls
 g - 5 scrolls of amnesia
 l - 6 scrolls of remove curse
 m - 6 scrolls of teleportation
 q - 2 scrolls of blinking
 s - 3 scrolls of enchant weapon
 u - a scroll of fear
 w - 2 scrolls of random uselessness
 C - 2 scrolls of noise
 D - 3 scrolls of enchant armour
 J - a scroll of torment
 L - a scroll of immolation {unknown}
 T - a scroll of identify
Potions
 h - a potion of ambrosia
 i - a potion of might
 j - 2 potions of flight {unknown}
 n - 2 potions of agility
 p - 4 potions of curing
 t - 4 potions of resistance
 B - a potion of lignification
 E - 2 potions of mutation {unknown}
 I - 2 potions of magic
 M - 2 potions of cure mutation {unknown}
 R - a potion of haste {unknown}
Books
 a - a book of Clouds

   Spells                             Type                      Level
   a - Mephitic Cloud                 Conjuration/Poison/Air       3
   b - Conjure Flame                  Conjuration/Fire             3
   c - Poisonous Cloud                Conjuration/Poison/Air       6
   d - Freezing Cloud                 Conjuration/Ice/Air          6
   e - Ring of Flames                 Charms/Fire                  7
 b - a book of Conjurations

   Spells                             Type                      Level
   a - Magic Dart                     Conjuration                  1
   b - Searing Ray                    Conjuration                  2
   c - Dazzling Spray                 Conjuration/Hexes            3
   d - Fulminant Prism                Conjuration/Hexes            4
   e - Iskenderun's Mystic Blast      Conjuration                  4
   f - Iskenderun's Battlesphere      Conjuration/Charms           5
 G - a book of Beasts

   Spells                             Type                      Level
   a - Summon Butterflies             Summoning                    1
   b - Call Canine Familiar           Summoning                    3
   c - Summon Ice Beast               Ice/Summoning                4
   d - Summon Mana Viper              Hexes/Summoning              5
   e - Summon Hydra                   Summoning                    7
 Q - a book of Spatial Translocations

   Spells                             Type                      Level
   a - Blink                          Translocation                2
   b - Shroud of Golubria             Charms/Translocation         2
   c - Lesser Beckoning               Translocation                3
   d - Portal Projectile              Translocation                3
   e - Teleport Other                 Translocation                3
   f - Passage of Golubria            Translocation                4
Comestibles
 c - 6 bread rations
 d - 2 meat rations
 f - a beef jerky
 o - 3 fruits
 v - 2 royal jellies


   Skills:
 - Level 1.5 Dodging
 - Level 3.0 Stealth
 * Level 11.6 Spellcasting
 + Level 9.7 Conjurations


You had 21 spell levels left.
You knew the following spells:

 Your Spells              Type           Power        Failure   Level  Hunger
a - Magic Dart            Conj           ####         1%          1    None
b - Searing Ray           Conj           #####.       1%          2    None
c - Iskenderun's Battles  Conj/Chrm      ####....     28%         5    ####...
d - Mephitic Cloud        Conj/Pois/Air  ###.....     6%          3    None


Dungeon Overview and Level Annotations

Branches:
Dungeon (10/15)            Temple (0/1) D:7             Orc (0/2) D:10
   Lair: D:8-11

Altars:
Ashenzari
Cheibriados
Elyvilon
Gozag
Makhleb
Okawaru
Ru

Shops:
D:5 (%=   D:6 *   D:7 *

Annotations:
D:10 Snorg


Innate Abilities, Weirdness & Mutations

You cannot wear boots.
Your serpentine skin is tough. (AC +3)
You have supernaturally acute eyesight. (SInv)
Armour fits poorly on your strangely shaped body.
Your system is resistant to poisons. (rPois)
You cover ground very slowly.
You have a slow metabolism.
You can spit poison.
Your body sometimes deteriorates upon taking damage.
You are covered in fur. (AC +1)


Message History

The searing ray hits Snorg.
Snorg is severely wounded.
You finish channeling your searing ray.
Snorg completely misses you. Snorg claws you. x2
Press: ? - help, Shift-Dir - straight line, f/p - Snorg
Aim: Snorg (severely wounded)
The splash of poison hits Snorg.
Snorg is poisoned.
Snorg is severely wounded.
You are feeling hungry.
Snorg goes berserk!
Unknown command.
You barely miss Snorg.
Snorg is severely wounded.
Snorg bites you!! Snorg claws you!
* * * LOW HITPOINT WARNING * * *
Snorg claws you!
* * * LOW HITPOINT WARNING * * *
Your body deteriorates!
You feel clumsy.
Snorg barely misses you. x2; Snorg claws you!
You die...

#...†#......
#.##.# .....
#.##.# ....
#.##.# ...
#....#### ..
#.......# .
#..####.#
#T......#
#@......#+
#.......)$
#.........
#.....####
#.........
#.........
#.........
#....##+#.
#....#


You could see Snorg (berserk).

Vanquished Creatures
  A centaur zombie (D:10)
  A troll (D:9)
  A wyvern (D:8)
  A hungry ghost (D:10)
  A steam dragon (D:9)
  The ghost of Letos the Insei, an amateur DgTm (D:4)
  Purgy (Sewer)
  2 ice beasts
  2 orc warriors (D:9)
  A sky beast (D:7)
  3 black bears
  4 phantoms
  A necrophage (D:6)
  5 ogres
  2 crocodiles
  4 big kobolds
  5 bullfrogs
  A water moccasin zombie (D:9)
  2 scorpions
  3 wights (D:6)
  2 howler monkeys
  2 bullfrog zombies
  6 hounds
  A quasit (D:9)
  3 jellies
  6 orc priests
  6 orc wizards
  A centaur skeleton (D:10)
  An iguana (D:7)
  4 worker ants
  Ijyb (D:2)
  A killer bee zombie (D:9)
  2 hound skeletons
  Robin (D:2)
  8 adders
  10 gnolls
  A river rat (D:10)
  2 shadow imps
  2 oozes
  3 adder skeletons
  3 adder zombies
  A worm (D:4)
  3 dart slugs
  5 leopard geckos
  30 orcs
  5 bats
  10 giant cockroaches
  16 goblins
  8 hobgoblins
  7 jackals
  4 quokkas
  A ball python (D:1)
  11 frilled lizards
  35 kobolds
  A quokka skeleton (D:7)
  13 rats
258 creatures vanquished.

Vanquished Creatures (others)
  2 fungi (D:10)
2 creatures vanquished.

Grand Total: 260 creatures vanquished

Notes
Turn   | Place    | Note
-------+----------+-------------------------------------------
     0 | D:1      | Dfrag the Naga Conjurer began the quest for the Orb.
     0 | D:1      | Reached XP level 1. HP: 15/15 MP: 3/3
   133 | D:1      | Reached XP level 2. HP: 22/22 MP: 0/5
   466 | D:1      | Reached XP level 3. HP: 25/28 MP: 4/7
   470 | D:1      | Learned a level 2 spell: Searing Ray
   791 | D:2      | Reached skill level 3 in Spellcasting
   819 | D:2      | Noticed Ijyb
   826 | D:2      | Killed Ijyb
   826 | D:2      | Reached XP level 4. HP: 26/36 MP: 9/9
   846 | D:2      | Noticed Robin
   856 | D:2      | Killed Robin
  1485 | D:3      | Reached skill level 4 in Spellcasting
  1485 | D:3      | Reached XP level 5. HP: 16/42 MP: 5/11
  1492 | D:3      | Reached skill level 5 in Conjurations
  2493 | D:4      | Reached XP level 6. HP: 42/49 MP: 11/13
  2519 | D:4      | Found a glowing drain.
  2537 | D:4      | Noticed Letos's ghost (amateur DgTm)
  2554 | Sewer    | Entered a sewer
  2808 | Sewer    | Noticed Purgy
  2819 | Sewer    | Killed Purgy
  2819 | Sewer    | Reached skill level 5 in Spellcasting
  2828 | Sewer    | Got a spiked cloak
  2834 | Sewer    | Identified the cursed +0 cloak "Waboyr" {rF+ rC+ Str+2 SInv} (You found it in a sewer)
  2886 | D:4      | Killed Letos's ghost
  2886 | D:4      | Reached XP level 7. HP: 55/55 MP: 13/15
  3176 | D:4      | Reached skill level 6 in Spellcasting
  3296 | D:4      | Found a white marble altar of Elyvilon.
  3526 | D:5      | Entered Level 5 of the Dungeon
  3535 | D:5      | Found a sacrificial altar of Ru.
  3635 | D:5      | Reached XP level 8. HP: 20/62 MP: 1/18
  3717 | D:5      | Found Lestrime's Jewellery Boutique.
  3884 | D:5      | Reached skill level 7 in Spellcasting
  3939 | D:5      | Found an opulent altar of Gozag.
  4057 | D:5      | Found Kups's Food Boutique.
  4226 | D:5      | Found Wanul's Antique Weapon Shoppe.
  4438 | D:6      | Found Oquemioh's General Store.
  4444 | D:6      | Bought a scroll of teleportation for 39 gold pieces
  4444 | D:6      | Bought 3 scrolls of identify for 78 gold pieces
  4592 | D:6      | Reached skill level 8 in Spellcasting
  4699 | D:6      | Found a sacrificial altar of Ru.
  4941 | D:6      | Found a burning altar of Makhleb.
  4958 | D:6      | Became a worshipper of Makhleb the Destroyer
  5114 | D:6      | Reached XP level 9. HP: 64/67 MP: 16/21
  5121 | D:6      | Learned a level 5 spell: Iskenderun's Battlesphere
  5129 | D:7      | Found a snail-covered altar of Cheibriados.
  5190 | D:7      | Found Xaose's Assorted Antiques.
  5193 | D:7      | Bought a scroll labeled LAALEJ FANEO for 33 gold pieces
  5193 | D:7      | Bought a scroll labeled SAPUPPO IVUIX for 33 gold pieces
  5245 | D:7      | Reached skill level 9 in Spellcasting
  5530 | D:7      | Found a staircase to the Ecumenical Temple.
  5584 | D:7      | Reached * piety under Makhleb
  6012 | D:7      | Gained mutation: You are covered in fur. (AC +1) [mutagenic meat]
  6013 | D:7      | Gained mutation: Your body sometimes deteriorates upon taking damage. [mutagenic meat]
  6115 | D:8      | Found an iron altar of Okawaru.
  6458 | D:8      | Reached skill level 10 in Spellcasting
  6872 | D:9      | Reached XP level 10. HP: 68/74 MP: 17/24
  7108 | D:9      | Reached ** piety under Makhleb
  7117 | D:9      | Reached skill level 11 in Spellcasting
  7414 | D:9      | Found a shattered altar of Ashenzari.
  7765 | D:10     | Entered Level 10 of the Dungeon
  8032 | D:10     | Learned a level 3 spell: Mephitic Cloud
  8047 | D:10     | Found a staircase to the Orcish Mines.
  8086 | D:10     | Noticed Snorg
  8124 | D:10     | Mangled by Snorg

Skill      XL: |  1  2  3  4  5  6  7  8  9 10 |
---------------+-------------------------------+-----
Spellcasting   | 3 4 5 6 8 10 11 | 11.6
Conjurations   | 5 6 7 9 |  9.7
Dodging        | |  1.5
Stealth        | |  3.0

Action                   |  1- 3 |  4- 6 |  7- 9 | 10-12 || total
-------------------------+-------+-------+-------+-------++-------
Melee: Unarmed           |     9 |       |       |       ||     9
       Hand axe          |    35 |    76 |    50 |     8 ||   169
 Cast: Magic Dart        |    21 |    21 |    38 |    22 ||   102
       Searing Ray       |     1 |    13 |    78 |    33 ||   125
       Iskenderun's Batt |       |       |       |     2 ||     2
       Mephitic Cloud    |       |       |       |     1 ||     1
 Abil: Spit Poison       |    10 |    13 |    18 |     5 ||    46
       Evoke Berserk Rag |       |     1 |     1 |       ||     2
  Use: Potion            |       |     2 |     1 |     1 ||     4
       Scroll            |       |     3 |    12 |       ||    15
 Stab: Sleeping          |       |     1 |     1 |       ||     2
  Eat: Chunk             |       |     7 |    15 |     4 ||    26
Armor: Robe              |     6 |    34 |    61 |     1 ||   102
       Steam dragon scal |       |       |       |    22 ||    22
Dodge: Dodged            |    34 |    97 |    68 |    25 ||   224
